 Dungeon Crawl Stone Soup version 0.26-a0-651-gb41185065b (webtiles) character file.

Game seed: 1290511360642091175

21 gbos the Bolt Thrower (level 2, 0/23 HPs)
             Began as a Gnoll Wanderer on Oct 15, 2020.
             Slain by a kobold
             ... wielding a +0 whip
              (3 damage)
             ... on level 1 of the Dungeon.
             The game lasted 00:01:07 (1392 turns).

gbos the Bolt Thrower (Gnoll Wanderer)              Turns: 1392, Time: 00:01:07

Health: 0/23       AC:  2    Str: 14    XL:     2   Next: 83%
Magic:  2/2        EV: 11    Int: 14    God:
Gold:   19         SH:  0    Dex: 14    Spells: 2/2 levels left

rFire    . . .     SeeInvis .   a - +2 hand crossbow
rCold    . . .     Faith    .   (no shield)
rNeg     . . .     Spirit   .   e - +0 robe
rPois    .         Reflect  .   (no helmet)
rElec    .         Harm     .   (no cloak)
rCorr    .         Rampage  .   (no gloves)
MR       .....                  (no boots)
Stlth    +++.......             (no amulet)
HPRegen  0.07/turn              (no ring)
MPRegen  0.08/turn              (no ring)

@: no status effects
A: distributed training, fangs 1, strong nose
a: no special abilities


You were on level 1 of the Dungeon.
You visited 1 branch of the dungeon, and saw 1 of its levels.

You collected 19 gold pieces.


Innate Abilities, Weirdness & Mutations

Your experience applies equally to all skills.
You have very sharp teeth.
Your uncanny sense of smell can sniff out nearby items.


   Skills:
 + Level 2.5 Fighting
 + Level 0.5 Short Blades
 + Level 2.5 Long Blades
 + Level 0.5 Axes
 + Level 0.5 Maces & Flails
 + Level 0.5 Polearms
 + Level 0.5 Staves
 + Level 0.5 Slings
 + Level 0.5 Bows
 + Level 6.5 Crossbows
 + Level 0.5 Throwing
 + Level 4.5 Armour
 + Level 0.5 Dodging
 + Level 4.1 Stealth
 + Level 2.5 Shields
 + Level 0.5 Unarmed Combat
 + Level 0.5 Spellcasting
 + Level 0.3 Conjurations
 + Level 0.3 Hexes
 + Level 0.3 Summonings
 + Level 0.3 Necromancy
 + Level 0.3 Translocations
 + Level 0.3 Transmutations
 + Level 0.3 Fire Magic
 + Level 0.3 Ice Magic
 + Level 0.3 Air Magic
 + Level 0.3 Earth Magic
 + Level 0.3 Poison Magic
 + Level 0.6 Invocations
 + Level 0.5 Evocations


You had 2 spell levels left.
You didn't know any spells.
Your spell library was empty.

Inventory:

Hand Weapons
 a - a +2 hand crossbow (weapon)
 b - a +0 dagger
 g - a +0 dagger
Missiles
 f - 18 bolts (quivered)
Armour
 e - a +0 robe (worn)
Jewellery
 j - an uncursed ring of wizardry {unknown}
Scrolls
 i - 2 scrolls of enchant weapon {unknown}
Potions
 c - a potion of lignification {!q}
 d - a potion of curing {@q1}
 h - a potion of ambrosia {unknown}

Dungeon Overview and Level Annotations

Branches:
Dungeon (1/15)

Altars:

▒..................
▒.▒▒
▒▒▒▒▒▒▒▒▒...▒▒▒▒▒▒▒
▒..▒ ▒▒▒.▒ ▒▒▒▒▒▒▒
▒▒.▒ . ▒.▒▒.......
▒.▒ . ▒..........
▒.▒ . ▒..........
▒.▒▒. ▒..........
▒..▒. ▒▒▒........
▒▒.▒. ▒g▒▒▒▒▒▒▒
▒... ▒ ▒K▒ ▒▒..
▒.▒▒▒J▒▒▒▒▒▒▒ ▒..
▒...(.......▒ ▒..
▒▒▒▒........▒ ▒..
▒..(.....▒ ▒..
▒...)...£▒ ▒▒.
▒........▒ ▒>
▒........▒ ▒.


You could see an ooze and a kobold.


Message History

The leopard gecko barely misses you.
You barely miss the leopard gecko. You bite the leopard gecko.
You kill the leopard gecko!
You hit the kobold.
The kobold is heavily wounded.
The kobold hits you with a +0 whip.
* * * LOW HITPOINT WARNING * * *
You closely miss the kobold.
The kobold is heavily wounded.
The kobold barely misses you.
You hit the kobold but do no damage. You bite the kobold, but do no damage.
The kobold is heavily wounded.
The kobold hits you with a +0 whip.
* * * LOW HITPOINT WARNING * * *
You hit the kobold. Your bite misses the kobold.
The kobold is severely wounded.
The kobold hits you with a +0 whip.
* * * LOW HITPOINT WARNING * * *
You hit the kobold but do no damage.
The kobold is severely wounded.
The kobold closely misses you.
You hit the kobold but do no damage.
The kobold is severely wounded.
The kobold hits you but does no damage.
a - a +2 hand crossbow (weapon)
The kobold hits you with a +0 whip.
You die...

Action                   || total
-------------------------++-------
Melee: Dagger            ||    52
       Unarmed           ||     3
       Bite              ||     4
 Fire: Hand crossbow     ||    21
Armor: Robe              ||    13
Dodge: Dodged            ||    41

Levels and vault maps discovered:
D:1:      grunt_arrival_lava_bath, layout_basic

Notes
Turn   | Place    | Note
-------+----------+-------------------------------------------
     0 | D:1      | gbos the Gnoll Wanderer began the quest for the Orb.
     0 | D:1      | gbos set off with the following items: a +2 hand crossbow,
                  | 20 bolts, a potion of lignification {!q}, a potion of
                  | curing {@q1}, a +0 robe, a +0 dagger
     0 | D:1      | Reached XP level 1. HP: 17/17 MP: 1/1
   257 | D:1      | HP: 5/17 [leopard gecko (1)]
   579 | D:1      | Reached XP level 2. HP: 13/23 MP: 2/2
  1034 | D:1      | HP: 6/23 [hobgoblin (2)]
  1041 | D:1      | HP: 4/23 [hobgoblin (1)]
  1389 | D:1      | HP: 3/23 [kobold/+0 whip (5)]
  1392 | D:1      | Slain by a kobold

Vanquished Creatures
  2 leopard geckos (D:1)
  4 goblins (D:1)
  3 hobgoblins (D:1)
  2 ball pythons (D:1)
  A bat (D:1)
  2 kobolds (D:1)
  5 rats (D:1)
19 creatures vanquished.
